 Dungeon Crawl Stone Soup version 0.27-a0-1105-g946c659c87 (console) character file.

Game seed: 10374622883791686025

519 GreatCaesar the Chopper (level 7, 0/59 HPs)
             Began as a Hill Orc Abyssal Knight on Apr 29, 2021.
             Was a Believer of Lugonu.
             Slain by a hornet (3 damage)
             ... on level 5 of the Dungeon.
             The game lasted 00:13:13 (6110 turns).

GreatCaesar the Chopper (Hill Orc Abyssal Knight)   Turns: 6110, Time: 00:13:13

Health: 0/59       AC: 13    Str: 23    XL:     7   Next: 21%
Magic:  0/10       EV:  6    Int: 12    God:    Lugonu [**....]
Gold:   168        SH:  3    Dex: 10    Spells: 6/6 levels left

rFire    . . .     SeeInvis .   a - +0 war axe
rCold    + . .     Faith    .   i - +0 buckler
rNeg     . . .     Spirit   +   r - +0 plate armour
rPois    .         Reflect  .   (no helmet)
rElec    .         Harm     .   (no cloak)
rCorr    .         Rampage  .   g - +0 pair of gloves
Will     .....                  (no boots)
Stlth    ..........             d - amulet of guardian spirit
HPRegen  0.19/turn              m - +6 ring of strength
MPRegen  0.12/turn              C - ring of protection from cold

@: slowed, very slow
A: no striking features
a: Renounce Religion, Depart the Abyss, Bend Space


You were on level 5 of the Dungeon.
You worshipped Lugonu.
Lugonu was pleased with you.
You visited 1 branch of the dungeon, and saw 5 of its levels.
You visited the Abyss 1 time.

You collected 168 gold pieces.

Inventory:

Hand Weapons
 a - a +0 war axe (weapon)
 b - the +2 hunting sling of Mana {speed, Will+}
   (You found it on level 4 of the Dungeon)

   Attacks with this weapon are significantly faster.
   It increases your willpower.
 k - a +1 hand axe
 s - a +3 falchion
 u - a +4 great sword
Missiles
 o - 13 boomerangs (quivered)
 t - 188 stones
 z - 14 sling bullets
Armour
 c - a +0 scale mail
 g - a +0 pair of gloves (worn)
 i - a +0 buckler (worn)
 r - a +0 plate armour (worn)
 x - a +0 leather armour
Jewellery
 d - an amulet of guardian spirit (around neck)
 m - a +6 ring of strength (left hand)
 C - a ring of protection from cold (right hand)
Scrolls
 e - 5 scrolls of identify {unknown}
 h - a scroll of holy word {unknown}
 j - a scroll of fear {unknown}
 l - 3 scrolls of noise {unknown}
 p - a scroll of amnesia {unknown}
 v - a scroll of torment {unknown}
 w - a scroll of fog {unknown}
 y - a scroll of blinking {unknown}
Potions
 f - 2 potions of curing
 n - a potion of resistance {unknown}
 q - 2 potions of attraction {unknown}
 A - a potion of flight {unknown}
 B - a potion of berserk rage {unknown}
 D - a potion of mutation {unknown}
 E - a potion of ambrosia {unknown}


   Skills:
 + Level 4.1 Fighting
 * Level 7.6 Axes
 + Level 4.3 Armour
 + Level 0.8 Dodging
 * Level 1.4 Shields
 * Level 4.1 Invocations


You had 6 spell levels left.
You didn't know any spells.
Your spell library contained the following spells:

 Spells                   Type           Power      Damage    Failure   Level
 Animate Skeleton         Necr           0%         N/A       100%        1
 Pain                     Necr           0%         1d4       100%        1
 Confusing Touch          Hex            0%         N/A       100%        3
 Gell's Gravitas          Tloc           0%         N/A       100%        3
 Vampiric Draining        Necr           0%         2d6       100%        3
 Animate Dead             Necr           0%         N/A       100%        4
 Petrify                  Tmut/Erth      0%         N/A       100%        4
 Agony                    Necr           0%         N/A       100%        5
 Metabolic Englaciation   Hex/Ice        0%         N/A       100%        5
 Yara's Violent Unravell  Hex/Tmut       0%         3d3       100%        5


Dungeon Overview and Level Annotations

Branches:
Dungeon (5/15)             Temple (0/1) D:4

Altars:
Cheibriados


Message History

You barely miss the adder.
You feel yourself speed up.
You feel very sick. The hornet barely misses you.
The adder bites you but does no damage. The hornet stings you.
You are more poisoned.
You feel yourself slow down. You block the adder's attack.
The hornet stings you!
* * * LOW HITPOINT WARNING * * *
You feel as though you will be slow longer.
Unknown command.
You closely miss the hornet.
The hornet is severely wounded.
You slash the adder!
* * * LOW HITPOINT WARNING * * *
You feel very sick. The adder bites you but does no damage.
The hornet barely misses you.
The hornet stings you but does no damage.
The adder bites you but does no damage. You block the adder's attack.
The hornet stings you but does no damage.
You hit the hornet but do no damage.
The hornet is severely wounded.
You hit the adder.
You kill the adder!
Lugonu accepts your kill.
* * * LOW HITPOINT WARNING * * *
You feel very sick. The hornet closely misses you. The hornet stings you!
* * * LOW HITPOINT WARNING * * *
You are more poisoned.
You feel as though you will be slow longer.
Unknown command.
Press: ? - help, v - describe, . - travel
Here: a hornet (severely wounded)
The floor.
It was a potion of curing.
You feel better. The hornet stings you!
* * * LOW HITPOINT WARNING * * *
You feel as though you will be slow longer.
The hornet stings you.
You die...

#.#.# ####.#.#
#......# ##....<##
######..#####
#...>......#
#.......(..#
##...>......#
#y@.........#
...((............#
?..###############
. ##########..
#..........#
#......?...
#.........#
#.........#


You could see a hornet.

Vanquished Creatures
  An ogre (D:5)
  A bullfrog (D:5)
  A scorpion (D:5)
  4 wights
  A hound (D:4)
  A hound skeleton (D:4)
  5 adders
  A worm (D:4)
  4 orcs (D:4)
  4 endoplasms
  3 giant cockroaches
  5 goblins
  6 hobgoblins
  2 jackals (D:3)
  5 quokkas
  4 ball pythons
  6 bats
  2 frilled lizards
  7 kobolds
  5 rats
68 creatures vanquished.

Notes
Turn   | Place    | Note
-------+----------+-------------------------------------------
     0 | Abyss:1  | GreatCaesar the Hill Orc Abyssal Knight began the quest for
                  | the Orb.
     0 | Abyss:1  | Reached XP level 1. HP: 19/19 MP: 2/2
     0 | D:1      | Escaped the Abyss
   211 | D:1      | Reached * piety under Lugonu
   212 | D:1      | Reached skill level 3 in Axes
   281 | D:1      | Reached XP level 2. HP: 26/26 MP: 4/4
   998 | D:1      | Reached XP level 3. HP: 33/33 MP: 5/5
  1403 | D:2      | Found a snail-covered altar of Cheibriados.
  1637 | D:2      | Reached skill level 4 in Axes
  2473 | D:2      | Reached XP level 4. HP: 3/40 MP: 6/6
  2867 | D:2      | Reached skill level 5 in Axes
  3229 | D:3      | Reached XP level 5. HP: 44/44 MP: 7/7
  3923 | D:3      | Reached skill level 6 in Axes
  3923 | D:3      | Reached XP level 6. HP: 30/51 MP: 4/8
  4834 | D:4      | Reached ** piety under Lugonu
  5003 | D:4      | Identified the +2 hunting sling of Mana {speed, Will+}
  5161 | D:4      | Found a staircase to the Ecumenical Temple.
  5636 | D:5      | Entered Level 5 of the Dungeon
  5680 | D:5      | Reached skill level 1 in Shields
  5906 | D:5      | Reached skill level 7 in Axes
  5939 | D:5      | Reached XP level 7. HP: 32/59 MP: 5/10
  6096 | D:5      | Noticed a hornet
  6110 | D:5      | Slain by a hornet

Illustrated notes

Levels and vault maps discovered:
D:1:      sevenhm_arrival_forest_fort_large_2, layout_basic, corner_web_ring
D:2:      layout_basic, basic_altar
D:3:      layout_basic
D:4:      layout_basic, minmay_temple_entry_glassed_door, kennysheep_dice
D:5:      layout_rooms

Skill      XL: |  1  2  3  4  5  6 |
---------------+-------------------+-----
Axes           | 3 4 5 6 7 |  7.6
Invocations    | 3 4 |  4.1
Armour         | 3 4 |  4.3
Fighting       | 4 |  4.1
Shields        | 1 |  1.4
Dodging        | |  0.8

Action                   |  1- 3 |  4- 6 |  7- 9 || total
-------------------------+-------+-------+-------++-------
Melee: Hand axe          |    40 |       |       ||    40
       War axe           |    40 |   147 |    10 ||   197
 Fire: Hunting sling     |       |       |     3 ||     3
Throw: Boomerang         |       |     5 |       ||     5
Invok: Depart the Abyss  |     1 |       |       ||     1
  Use: Potion            |       |       |     1 ||     1
Armor: Scale mail        |    35 |       |       ||    35
       Plate armour      |     3 |    97 |    14 ||   114
Dodge: Dodged            |    40 |    41 |     8 ||    89
Block: Buckler           |       |    13 |     4 ||    17

Table legend: (Time is in decaauts)
 A = Elapsed time spent in this place.
 B = Non-inter-level travel time spent in this place.
 C = Inter-level travel time spent in this place.
 D = Time resting spent in this place.
 E = Time spent auto-exploring this place.
 F = Levels seen in this place.
 G = Mean time per level.
                   A        B        C        D        E       F      G
               +--------+--------+--------+--------+--------+-----+--------+
         Total |   6181 |   5599 |    582 |   1138 |   3463 |   6 | 1030.2 |
       Dungeon |   6181 |   5599 |    582 |   1138 |   3463 |   5 | 1236.2 |
         Abyss |      0 |      0 |      0 |      0 |      0 |   1 |    0.0 |
               +--------+--------+--------+--------+--------+-----+--------+

Top non-repeatable levels by time:
     D:2: 1608 daAuts
     D:3: 1576 daAuts
     D:1: 1516 daAuts
     D:4: 1065 daAuts
     D:5: 414 daAuts
